 Dungeon Crawl Stone Soup version 0.31.0-11-ge490571c62 (webtiles) character file.

Game seed: 544118190867119242

184 bearlyready the Chiller (level 5, -9/38 HPs)
             Began as a Gnoll Ice Elementalist on Feb 9, 2024.
             Was a Priest of Zin.
             Mangled by an orc warrior
             ... wielding a +0 glaive
              (11 damage)
             ... on level 4 of the Dungeon.
             The game lasted 00:05:22 (2280 turns).

bearlyready the Chiller (Gnoll Ice Elementalist)    Turns: 2280, Time: 00:05:23

Health: -9/38      AC: 13    Str: 14    XL:     5   Next: 63%
Magic:  10/12      EV: 10    Int: 14    God:    Zin [***...]
Gold:   187        SH:  9    Dex: 14    Spells: 3/14 levels left

rFire   + . .        F - +1 whip (venom)
rCold   + . .        y - +1 kite shield {rC+ rF+}
rNeg    + . .        j - +0 ring mail
rPois   .            p - +0 helmet
rElec   .            (no cloak)
rCorr   .            i - +0 pair of gloves
SInv    .            B - +2 pair of boots {rampage}
Will    +....        (no amulet)
Stlth   ++           e - +6 ring of strength
HPRegen 0.26/turn    d - ring of positive energy
MPRegen 0.13/turn

%: rampage
@: ice-armoured, freezing walls, enlightened, flying
A: fangs 1, strong nose, distributed training
a: Renounce Religion, Recite, Vitalisation, Imprison, Donate Gold


You were on level 4 of the Dungeon.
You worshipped Zin.
Zin was most pleased with you.
You visited 1 branch of the dungeon, and saw 4 of its levels.

You collected 207 gold pieces.
You donated 20 gold pieces to Zin.

Inventory:

Hand Weapons
 g - a +0 dagger
 o - a +0 sling
 u - the +7 dagger of Quantum Leap {freeze, *Slow rN++ Will++}
   (You found it on level 2 of the Dungeon)

   rN++:      It greatly protects you from negative energy.
   Will++:    It greatly increases your willpower.
   *Slow:     It may slow you when you take damage.
 F - a +1 whip of venom (weapon)
 J - a +1 mace of protection
Missiles
 f - 34 stones
 v - 3 boomerangs (quivered)
 D - 6 datura-tipped darts
 I - 5 darts of dispersal
Armour
 i - a +0 pair of gloves (worn)
 j - a +0 ring mail (worn)
 p - a +0 helmet (worn)
 y - a +1 kite shield of resistance (worn)
 A - a +0 pair of boots
 B - a +2 pair of boots of rampaging (worn)
Magical Staves
 m - a staff of conjuration
Jewellery
 d - a ring of positive energy (right hand)
 e - a +6 ring of strength (left hand)
 G - a +6 ring of strength
Wands
 z - a wand of polymorph (4)
Scrolls
 c - 2 scrolls of fog {unknown}
 k - 2 scrolls of blinking {unknown}
 r - a scroll of amnesia {unknown}
 s - 2 scrolls of fear
 t - 2 scrolls of identify {unknown}
 w - 2 scrolls of silence {unknown}
 x - 2 scrolls of teleportation {unknown}
 C - a scroll of brand weapon {unknown}
 E - a scroll of vulnerability {unknown}
Potions
 a - a potion of ambrosia {unknown}
 h - 2 potions of enlightenment
 l - a potion of curing {unknown}
 n - a potion of resistance {unknown}
 q - a potion of attraction {unknown}


   Skills:
 + Level 1.6 Fighting
 + Level 1.6 Short Blades
 + Level 1.6 Long Blades
 + Level 1.6 Axes
 + Level 1.6 Maces & Flails
 + Level 1.6 Polearms
 + Level 1.6 Staves
 + Level 1.6 Ranged Weapons
 + Level 1.6 Throwing
 + Level 1.6 Armour
 + Level 4.8 Dodging
 + Level 4.5 Stealth
 + Level 1.6 Shields
 + Level 1.6 Unarmed Combat
 + Level 5.2 Spellcasting
 + Level 1.3 Conjurations
 + Level 1.3 Hexes
 + Level 1.3 Summonings
 + Level 1.3 Necromancy
 + Level 1.3 Translocations
 + Level 1.3 Fire Magic
 + Level 7.2 Ice Magic
 + Level 1.3 Air Magic
 + Level 1.3 Earth Magic
 + Level 1.3 Alchemy
 + Level 1.9 Invocations
 + Level 1.6 Evocations
 + Level 1.5 Shapeshifting


You had 3 spell levels left.
You knew the following spells:

 Your Spells              Type           Power      Damage    Failure   Level
a - Freeze                Ice            92%        1d9       6%          1
b - Frozen Ramparts       Ice            46%        1d7       19%         3
c - Ozocubu's Armour      Ice            23%        N/A       19%         3
d - Summon Ice Beast      Ice/Summ       15%        N/A       54%         3
e - Apportation           Tloc           14%        N/A       58%         1

Your spell library contained the following spells:

 Spells                   Type           Power      Damage    Failure   Level
 Necrotise                Necr           28%        1d5       58%         1
 Sting                    Conj/Alch      28%        1d4       58%         1
 Summon Small Mammal      Summ           28%        N/A       58%         1


Dungeon Overview and Level Annotations

Branches:
Dungeon (4/15)
 Temple: D:4-7

Altars:
Zin

Shops:
D:1 :   D:3 =


Innate Abilities, Weirdness & Mutations

You have very sharp teeth.
Your uncanny sense of smell can sniff out nearby items.
Your experience applies equally to all skills.


Message History

The orc warrior is almost dead.
The wall freezes the orc warrior but does no damage.
The orc warrior hits you from afar with a +0 glaive!
The wall freezes the orc warrior but does no damage.
The orc warrior hits you from afar with a +0 glaive!
Zin protects you from harm!
Throw: 3 boomerangs
Press: ? - help, Q - select action, (/) - cycle Shift-Dir - straight line, f/p - orc warrior
Aim: an orc warrior, wielding a +0 glaive and wearing a +0 plate armour (almost dead, 54% to hit)
You throw a boomerang.
The boomerang hits the orc warrior but does no damage.
The orc warrior is almost dead.
The wall freezes the orc warrior.
The orc warrior hits you from afar with a +0 glaive!
* * * LOW HITPOINT WARNING * * *
Throw: 3 boomerangs
Press: ? - help, Q - select action, (/) - cycle Shift-Dir - straight line, f/p - orc warrior
Aim: an orc warrior, wielding a +0 glaive and wearing a +0 plate armour (almost dead, 54% to hit)
Okay, then.
It was a potion of enlightenment.
You feel very buoyant.
You fly up into the air.
The wall freezes the orc warrior but does no damage.
The orc warrior hits you from afar with a +0 glaive.
* * * LOW HITPOINT WARNING * * *
Your magical contamination has completely faded away.
You feel more buoyant.
The frozen ramparts melt away.
You block the orc warrior's attack.
Casting: Frozen Ramparts (quite dangerous; 19% risk of failure)
Confirm with . or Enter, or press ? or * to list all spells.
You don't have enough magic to cast this spell.
Magic courses through your body. The orc warrior barely misses you.
Casting: Frozen Ramparts (quite dangerous; 19% risk of failure)
Confirm with . or Enter, or press ? or * to list all spells.
Casting: Frozen Ramparts (quite dangerous; 19% risk of failure)
Press: ? - help, Dir - look around, f - activate The walls around you are covered in ice.
The wall freezes the orc warrior but does no damage.
The orc warrior hits you from afar with a +0 glaive!
You die...

#..........#....#
#....)....).###.######...
#..<........# #........#
............#####.o....# #
##.......)..... .......# .#
#..........#####......#####.##
##........###########.........
##.............#######........
#..........###.@.o....(.......
#..........# #########.......(
#..........# #.......(
#..........# #........
#..........# #........
##........## #........
##......## #........ ########
#........ #########


You could see an orc warrior.

Vanquished Creatures
  Terence (D:2)
  Robin (D:2)
  3 adders
  4 gnolls
  A dart slug (D:3)
  A ribbon worm (D:2)
  5 orcs
  5 endoplasms
  A giant cockroach (D:3)
  15 goblins
  8 hobgoblins
  3 jackals (D:1)
  5 quokkas
  3 ball pythons
  A bat (D:2)
  A frilled lizard (D:3)
  6 kobolds
  4 rats
68 creatures vanquished.

Notes
Turn   | Place    | Note
-------+----------+-------------------------------------------
     0 | D:1      | bearlyready the Gnoll Ice Elementalist began the quest for
                  | the Orb.
     0 | D:1      | Reached XP level 1. HP: 13/13 MP: 6/6
   112 | D:1      | Reached XP level 2. HP: 19/19 MP: 3/7
   522 | D:1      | Found Ahyon's Book Shop.
   523 | D:1      | You fall into a shaft and drop 1 floor!
   640 | D:1      | Found a faded altar of an unknown god.
   661 | D:1      | Prayed at the altar of an unknown god.
   661 | D:1      | Became a worshipper of Zin the Law-Giver
   661 | D:1      | Reached * piety under Zin
   674 | D:1      | Reached skill level 5 in Spellcasting
   674 | D:1      | Reached XP level 3. HP: 25/25 MP: 7/9
   765 | D:1      | Reached skill level 1 in Invocations
   777 | D:1      | Reached skill level 1 in Fighting
   777 | D:1      | Reached skill level 1 in Short Blades
   777 | D:1      | Reached skill level 1 in Long Blades
   777 | D:1      | Reached skill level 1 in Axes
   777 | D:1      | Reached skill level 1 in Maces & Flails
   777 | D:1      | Reached skill level 1 in Polearms
   777 | D:1      | Reached skill level 1 in Staves
   777 | D:1      | Reached skill level 1 in Ranged Weapons
   777 | D:1      | Reached skill level 1 in Throwing
   777 | D:1      | Reached skill level 1 in Armour
   777 | D:1      | Reached skill level 1 in Shields
   777 | D:1      | Reached skill level 1 in Unarmed Combat
   777 | D:1      | Reached skill level 1 in Evocations
   842 | D:2      | Noticed Robin
   857 | D:2      | Killed Robin
   858 | D:2      | Reached skill level 1 in Shapeshifting
   858 | D:2      | Reached XP level 4. HP: 29/32 MP: 0/11
   965 | D:2      | Noticed Terence
   971 | D:2      | Killed Terence
   972 | D:2      | Reached skill level 1 in Conjurations
   972 | D:2      | Reached skill level 1 in Hexes
   972 | D:2      | Reached skill level 1 in Summonings
   972 | D:2      | Reached skill level 1 in Necromancy
   972 | D:2      | Reached skill level 1 in Translocations
   972 | D:2      | Reached skill level 1 in Fire Magic
   972 | D:2      | Reached skill level 1 in Air Magic
   972 | D:2      | Reached skill level 1 in Earth Magic
   972 | D:2      | Reached skill level 1 in Alchemy
   977 | D:2      | Learned a level 3 spell: Frozen Ramparts
   981 | D:2      | Learned a level 3 spell: Ozocubu's Armour
   985 | D:2      | Learned a level 3 spell: Summon Ice Beast
   987 | D:2      | Learned a level 1 spell: Apportation
  1138 | D:2      | Identified the +7 dagger of Quantum Leap {freeze, *Slow
                  | rN++ Will++}
  1159 | D:2      | Reached ** piety under Zin
  1430 | D:2      | Reached XP level 5. HP: 27/37 MP: 7/12
  1788 | D:3      | Found Rok Uma's Jewellery Boutique.
  2101 | D:4      | Reached *** piety under Zin
  2188 | D:4      | Noticed an orc warrior
  2275 | D:4      | Zin protects you from harm!
  2280 | D:4      | Mangled by an orc warrior

Illustrated notes

Levels and vault maps discovered:
D:1:      sevenhm_arrival_forest_fort_small_5, layout_basic,
          hellmonk_ecumenical_altar_heavens_door, serial_shops, shop
D:2:      layout_basic, uniq_robin, uniq_terence
D:3:      layout_rooms, serial_shops, nicolae_shop_rolling_square
D:4:      layout_rooms, temple_doors_ab, serial_corexii_hall,
          corexii_hall_statues_l, corexii_hall_statues_x

Skill      XL: |  1  2  3  4 |
---------------+-------------+-----
Spellcasting   | 5 |  5.2
Invocations    | 1 |  1.9
Fighting       | 1 |  1.6
Short Blades   | 1 |  1.6
Long Blades    | 1 |  1.6
Axes           | 1 |  1.6
Maces & Flails | 1 |  1.6
Polearms       | 1 |  1.6
Staves         | 1 |  1.6
Ranged Weapons | 1 |  1.6
Throwing       | 1 |  1.6
Armour         | 1 |  1.6
Shields        | 1 |  1.6
Unarmed Combat | 1 |  1.6
Evocations     | 1 |  1.6
Shapeshifting  | 1 |  1.5
Conjurations   | 1 |  1.3
Hexes          | 1 |  1.3
Summonings     | 1 |  1.3
Necromancy     | 1 |  1.3
Translocations | 1 |  1.3
Fire Magic     | 1 |  1.3
Air Magic      | 1 |  1.3
Earth Magic    | 1 |  1.3
Alchemy        | 1 |  1.3
Dodging        | |  4.8
Stealth        | |  4.5
Ice Magic      | |  7.2

Action                     |  1- 3 |  4- 6 || total
---------------------------+-------+-------++-------
  Melee: Unarmed           |     1 |       ||     1
         Dagger            |    50 |    47 ||    97
         Bite              |     3 |     9 ||    12
         Punch             |       |     2 ||     2
         Whip              |       |    30 ||    30
  Throw: Boomerang         |       |    15 ||    15
         Dart              |       |     3 ||     3
   Cast: Freeze            |    39 |    18 ||    57
         Frozen Ramparts   |       |     6 ||     6
         Ozocubu's Armour  |       |     1 ||     1
    Use: Potion            |       |     3 ||     3
         Scroll            |       |     1 ||     1
   Stab: Sleeping          |     1 |     6 ||     7
         Distracted        |       |     1 ||     1
 Armour: Robe              |     6 |       ||     6
         Ring mail         |    35 |    59 ||    94
  Dodge: Dodged            |    53 |    65 ||   118
  Block: Kite shield       |       |    24 ||    24
